[Event "ICC tourney 2216 (45 10)"]
[Site "Internet Chess Club"]
[Date "2020.12.19"]
[Round "1"]
[White "andrewj508"]
[Black "ashvathk5"]
[Result "1-0"]
[ICCResult "Black checkmated"]
[WhiteElo "1270"]
[BlackElo "986"]
[Opening "Queen's pawn, Mason variation"]
[ECO "D00"]
[NIC "QP.08"]
[Time "10:03:17"]
[PlyCount "37"]
[TimeControl "2700+10"]

1. d4 d5 2. Bf4 Nf6 3. e3 Nc6 4. c4 e6 5. Nc3 Bb4 6. a3 Bd6 7. Bg3 b6 8.
Nf3 O-O 9. Ne5 Bb7 10. Bd3 Nd7 11. cxd5 exd5 12. Nxd7 Qxd7 13. Nxd5 Bxg3
14. hxg3 Qxd5 15. Bxh7+ Kh8 16. Be4+ Kg8 17. Bxd5 Rfe8 18. Qh5 g6 19. Qh8#
{ Black checkmated } 1-0

[Event "ICC tourney 2216 (45 10)"]
[Site "Internet Chess Club"]
[Date "2020.12.19"]
[Round "1"]
[White "tundrarules"]
[Black "Ldon22"]
[Result "1-0"]
[ICCResult "Black checkmated"]
[WhiteElo "1227"]
[BlackElo "953"]
[Opening "Sicilian: accelerated fianchetto, modern variation with Bc4"]
[ECO "B35"]
[NIC "SI.33"]
[Time "10:03:25"]
[PlyCount "79"]
[TimeControl "2700+10"]

1. e4 c5 2. Nf3 Nc6 3. d4 cxd4 4. Nxd4 g6 5. Nc3 Bg7 6. Be3 Nf6 7. Bc4 O-O
8. Bb3 e6 9. O-O d5 10. exd5 exd5 11. Qd2 Nxd4 12. Bxd4 Be6 13. Rfe1 Re8
14. Rad1 Qa5 15. Bxf6 Bxf6 16. Nxd5 Qxd2 17. Nxf6+ Kg7 18. Nxe8+ Rxe8 19.
Rxd2 b5 20. Bxe6 fxe6 21. Rd7+ Kf6 22. Rxa7 e5 23. Rxh7 e4 24. Rb7 Rc8 25.
c3 Ra8 26. a3 b4 27. Rxb4 Rd8 28. Rbxe4 Kg7 29. b4 Rc8 30. c4 Ra8 31. R1e3
Rd8 32. g3 g5 33. c5 Kh6 34. c6 Rc8 35. b5 Kh5 36. Re7 Kg4 37. c7 Kh3 38.
R3e4 Rh8 39. c8=Q+ Rxc8 40. Rh7# { Black checkmated } 1-0

[Event "ICC tourney 2216 (45 10)"]
[Site "Internet Chess Club"]
[Date "2020.12.19"]
[Round "1"]
[White "ArjunaZ"]
[Black "chessbud"]
[Result "0-1"]
[ICCResult "White checkmated"]
[WhiteElo "965"]
[BlackElo "1251"]
[Opening "Four knights: Scotch, 4...exd4"]
[ECO "C47"]
[NIC "KP.06"]
[Time "10:03:23"]
[PlyCount "116"]
[TimeControl "2700+10"]

1. e4 e5 2. Nf3 Nc6 3. Nc3 Nf6 4. d4 exd4 5. Nxd4 Bc5 6. Nxc6 dxc6 7. Qxd8+
Kxd8 8. Be3 Bxe3 9. fxe3 Re8 10. O-O-O+ Bd7 11. Bd3 Bg4 12. Rd2 Ke7 13. e5
Nd7 14. Bxh7 g6 15. h3 Bf5 16. g4 Be6 17. Rhd1 Rh8 18. Ne4 Rad8 19. Ng5
Nxe5 20. Rxd8 Rxd8 21. Rxd8 Kxd8 22. Nxe6+ fxe6 23. Kd2 Ke7 24. Bg8 Nf3+
25. Kd3 Ne1+ 26. Ke4 Nxc2 27. Ke5 Nxe3 28. Bxe6 Nd5 29. Bxd5 cxd5 30. Kxd5
Kd7 31. Ke5 Ke7 32. Kf4 Kf6 33. g5+ Ke6 34. h4 a5 35. a4 c6 36. Kg4 b5 37.
axb5 cxb5 38. h5 gxh5+ 39. Kxh5 Kf7 40. Kh6 Kg8 41. Kg6 a4 42. Kf5 b4 43.
Ke4 a3 44. bxa3 bxa3 45. Kf5 a2 46. Kf6 a1=Q+ 47. Kf5 Qa5+ 48. Kf6 Qd8+ 49.
Kf5 Qf8+ 50. Kg6 Qg7+ 51. Kh5 Kh7 52. Kh4 Kg6 53. Kg4 Qd4+ 54. Kf3 Kxg5 55.
Ke2 Kf4 56. Ke1 Qb2 57. Kd1 Ke3 58. Ke1 Qe2# { White checkmated } 0-1

[Event "ICC tourney 2216 (45 10)"]
[Site "Internet Chess Club"]
[Date "2020.12.19"]
[Round "1"]
[White "kiyer"]
[Black "chessparrot"]
[Result "1-0"]
[ICCResult "Black checkmated"]
[WhiteElo "1056"]
[BlackElo "1289"]
[Opening "English: Mikenas-Carls variation"]
[ECO "A18"]
[NIC "EO.64"]
[Time "10:03:22"]
[PlyCount "95"]
[TimeControl "2700+10"]

1. c4 e6 2. Nc3 Nf6 3. e4 d6 4. d4 c6 5. Nf3 d5 6. cxd5 cxd5 7. exd5 exd5
8. g3 Bb4 9. Bf4 Bxc3+ 10. bxc3 Nc6 11. Ne5 Nxe5 12. Bxe5 Qe7 13. Bg2 O-O
14. O-O Nd7 15. Re1 Nxe5 16. Rxe5 Qc7 17. Rc1 Be6 18. Qb3 Rfd8 19. Bxd5
Rxd5 20. Rxd5 Bxd5 21. Qxd5 Rd8 22. Qe5 Qxe5 23. dxe5 h6 24. f4 Rd2 25. a4
Ra2 26. Rb1 b6 27. Rb4 Ra3 28. c4 Ra1+ 29. Kg2 Ra2+ 30. Kh3 Kf8 31. c5 bxc5
32. Rb8+ Ke7 33. Rb7+ Ke6 34. Rxa7 Kd5 35. Rxf7 g5 36. Rd7+ Ke6 37. Rd6+
Ke7 38. Rxh6 gxf4 39. gxf4 Ra3+ 40. Kg4 Rxa4 41. Rc6 Ra5 42. e6 Ke8 43. f5
Ke7 44. Kg5 Ra2 45. f6+ Kd8 46. e7+ Ke8 47. Rc8+ Kf7 48. e8=Q# { Black
checkmated } 1-0

[Event "ICC tourney 2216 (45 10)"]
[Site "Internet Chess Club"]
[Date "2020.12.19"]
[Round "1"]
[White "Honeybrook"]
[Black "RisshiNaavaal"]
[Result "0-1"]
[ICCResult "White resigns"]
[WhiteElo "1332"]
[BlackElo "1092"]
[Opening "French: Chigorin variation"]
[ECO "C00"]
[NIC "FR.01"]
[Time "10:03:26"]
[PlyCount "60"]
[TimeControl "2700+10"]

1. e4 e6 2. Qe2 Nc6 3. Nf3 Be7 4. d4 Nf6 5. e5 Nd5 6. c4 Bb4+ 7. Bd2 Bxd2+
8. Qxd2 Nde7 9. Nc3 d5 10. c5 b6 11. cxb6 axb6 12. a3 O-O 13. Bd3 Ba6 14.
Nb5 Na7 15. Nxc7 Qxc7 16. Bxa6 b5 17. a4 Qb6 18. Bxb5 Nxb5 19. Qb4 Qa5 20.
Qxa5 Rxa5 21. b4 Raa8 22. Kd2 Nc7 23. b5 Rfc8 24. b6 Ra6 25. bxc7 Rxc7 26.
Rhb1 h6 27. a5 Rca7 28. Rb5 Nc6 29. Ke3 Nxa5 30. h4 Nc4+ { White resigns }
0-1

[Event "ICC tourney 2216 (45 10)"]
[Site "Internet Chess Club"]
[Date "2020.12.19"]
[Round "1"]
[White "rookrulz"]
[Black "FreddyPatzer"]
[Result "0-1"]
[ICCResult "White checkmated"]
[WhiteElo "1092"]
[BlackElo "1319"]
[Opening "Queen's pawn: stonewall attack"]
[ECO "A45"]
[NIC "QP.07"]
[Time "10:03:31"]
[PlyCount "108"]
[TimeControl "2700+10"]

1. d4 Nf6 2. e3 d5 3. Bd3 c5 4. c3 Nc6 5. Nf3 e6 6. O-O Bd6 7. Nbd2 O-O 8.
Re1 b6 9. e4 Be7 10. e5 Nd7 11. Nb3 c4 12. Bc2 cxb3 13. Bxb3 Bb7 14. Bc2
Rc8 15. Bd3 Re8 16. g3 Na5 17. h4 Nc4 18. b3 Na5 19. b4 Nc4 20. Bxh7+ Kxh7
21. Ng5+ Bxg5 22. Bxg5 f6 23. Qh5+ Kg8 24. Bf4 Qe7 25. g4 Qf7 26. Qxf7+
Kxf7 27. g5 Rh8 28. Bg3 fxg5 29. hxg5 Nd2 30. Kg2 Rxc3 31. Rh1 Rxh1 32.
Rxh1 Ne4 33. Bh4 Kg6 34. Rh3 Rxh3 35. Kxh3 Nxg5+ 36. Bxg5 Kxg5 37. Kg3 Ba6
38. f3 Bc4 39. a3 a5 40. f4+ Kf5 41. bxa5 bxa5 42. Kf3 Nf8 43. Ke3 Ng6 44.
Kf3 Nxf4 45. Ke3 g5 46. Kf3 g4+ 47. Kg3 Ne2+ 48. Kg2 Nxd4 49. Kg3 Nf3 50.
Kf2 d4 51. Kg3 d3 52. Kf2 d2 53. Ke3 d1=Q 54. a4 Qe2# { White checkmated }
0-1

[Event "ICC tourney 2216 (45 10)"]
[Site "Internet Chess Club"]
[Date "2020.12.19"]
[Round "1"]
[White "auggie29"]
[Black "VirginiaGuy"]
[Result "1/2-1/2"]
[ICCResult "Game drawn by mutual agreement"]
[WhiteElo "1095"]
[BlackElo "1371"]
[Opening "Queen's bishop game"]
[ECO "D00"]
[NIC "QP.08"]
[Time "10:03:21"]
[PlyCount "84"]
[TimeControl "2700+10"]

1. d4 d5 2. Bf4 Nf6 3. Nf3 e6 4. e3 Bd6 5. Bg3 c5 6. c3 O-O 7. Bd3 Nc6 8.
O-O Bxg3 9. hxg3 Qc7 10. Nbd2 e5 11. dxe5 Nxe5 12. Nxe5 Qxe5 13. Nf3 Qc7
14. Qc2 h6 15. Bf5 Bxf5 16. Qxf5 Rfe8 17. g4 Qc8 18. Qxc8 Raxc8 19. g5 hxg5
20. Nxg5 Ne4 21. Nxe4 dxe4 22. Rad1 Red8 23. Rfe1 Rd3 24. Rxd3 exd3 25. Rd1
Rd8 26. Kf1 c4 27. f3 Kf8 28. Kf2 Ke7 29. e4 Ke6 30. Ke3 Rh8 31. b3 b5 32.
bxc4 bxc4 33. Rd2 Rb8 34. Kd4 Rc8 35. g4 g5 36. Ke3 Ke5 37. Rb2 Rc7 38.
Rb5+ Kf6 39. a4 Rd7 40. Kd2 Rc7 41. a5 Kg6 42. e5 Rc6 { Game drawn by
mutual agreement } 1/2-1/2

[Event "ICC tourney 2216 (45 10)"]
[Site "Internet Chess Club"]
[Date "2020.12.19"]
[Round "1"]
[White "drewmartin"]
[Black "aiden004"]
[Result "0-1"]
[ICCResult "White checkmated"]
[WhiteElo "741"]
[BlackElo "1210"]
[Opening "French defense"]
[ECO "C00"]
[NIC "FR.01"]
[Time "10:03:23"]
[PlyCount "54"]
[TimeControl "2700+10"]

1. e4 e6 2. Nf3 d5 3. Bd3 Nf6 4. e5 Nfd7 5. Qe2 c5 6. Bb5 a6 7. Bxd7+ Nxd7
8. d3 Qc7 9. Nc3 b5 10. Bf4 Bb7 11. O-O-O b4 12. Nb1 c4 13. d4 a5 14. c3
Be7 15. h4 b3 16. a3 O-O 17. Nbd2 Rab8 18. g3 Qc6 19. Nb1 Nb6 20. h5 Nc8
21. Nh4 f6 22. exf6 Bd6 23. fxg7 Bxf4+ 24. gxf4 Rxf4 25. h6 Qd7 26. Qe5
Rxf2 27. Qxb8 Rc2# { White checkmated } 0-1

[Event "ICC tourney 2216 (45 10)"]
[Site "Internet Chess Club"]
[Date "2020.12.19"]
[Round "1"]
[White "baldwinsthename"]
[Black "Spriggan"]
[Result "1-0"]
[ICCResult "Black checkmated"]
[WhiteElo "1215"]
[BlackElo "810"]
[Opening "Caro-Kann: Rasa-Studier gambit"]
[ECO "B15"]
[NIC "CK.05"]
[Time "10:03:22"]
[PlyCount "97"]
[TimeControl "2700+10"]

1. d4 d5 2. e4 c6 3. Nc3 dxe4 4. f3 exf3 5. Qxf3 Nf6 6. Be3 Bg4 7. Qg3 e6
8. a3 Bd6 9. Qf2 Qa5 10. Ne2 Bxe2 11. Bxe2 Bxa3 12. Rxa3 Qb6 13. Na4 Qc7
14. Bg5 Nbd7 15. Nc5 Nxc5 16. dxc5 Ne4 17. Qd4 Nxg5 18. Qxg7 O-O-O 19. Qxg5
Rhg8 20. Qh4 Rxg2 21. Rxa7 Rdg8 22. Ra8+ Kd7 23. Rxg8 Rxg8 24. Qxh7 Qa5+
25. c3 Rd8 26. Qxf7+ Kc8 27. Qxe6+ Kc7 28. Qf7+ Rd7 29. Qf4+ Kc8 30. Qf8+
Kc7 31. O-O Qa4 32. b4 Qc2 33. Qf4+ Kd8 34. Re1 Qg6+ 35. Kh1 Rg7 36. Qb8+
Kd7 37. Qxb7+ Kd8 38. Rd1+ Ke8 39. Qc8+ Kf7 40. Rd7+ Kf6 41. Rd6+ Kg5 42.
Rxg6+ Rxg6 43. Qd8+ Kh6 44. Qf8+ Rg7 45. Bd3 Kh5 46. Qxg7 Kh4 47. Bf5 Kh5
48. Qg6+ Kh4 49. Qg4# { Black checkmated } 1-0

[Event "ICC tourney 2216 (45 10)"]
[Site "Internet Chess Club"]
[Date "2020.12.19"]
[Round "1"]
[White "Cougar2020"]
[Black "amka03"]
[Result "1-0"]
[ICCResult "Black checkmated"]
[WhiteElo "1305"]
[BlackElo "1061"]
[Opening "Scandinavian (center counter) defense"]
[ECO "B01"]
[NIC "SD.01"]
[Time "10:03:20"]
[PlyCount "87"]
[TimeControl "2700+10"]

1. e4 d5 2. exd5 Qxd5 3. Nc3 Qa5 4. d4 Nf6 5. Bd3 e6 6. Nf3 c6 7. O-O Be7
8. Bd2 O-O 9. Re1 h6 10. Ne4 Qc7 11. Nxf6+ Bxf6 12. Be3 Nd7 13. Qd2 Be7 14.
Bxh6 Rd8 15. Re4 Nf8 16. Bxg7 f5 17. Be5 Qd7 18. Qh6 Kf7 19. Qh5+ Kg8 20.
Ng5 Bxg5 21. Qxg5+ Kf7 22. Rh4 Qe7 23. Qh5+ Ng6 24. Qh7+ Ke8 25. Qxg6+ Kd7
26. Rh7 Rf8 27. Rxe7+ Kxe7 28. Qg7+ Ke8 29. Bd6 Rf7 30. Qg8+ Kd7 31. Qxf7+
Kxd6 32. Qf8+ Kd7 33. c4 b6 34. Re1 Kc7 35. c5 b5 36. Qd6+ Kb7 37. Bxf5 b4
38. Bxe6 Bxe6 39. Rxe6 Rc8 40. a4 Ka8 41. Re7 a5 42. Qd7 Rc7 43. Qxc7 b3
44. Qb7# { Black checkmated } 1-0

[Event "ICC tourney 2216 (45 10)"]
[Site "Internet Chess Club"]
[Date "2020.12.19"]
[Round "1"]
[White "Douglas1"]
[Black "edisonzhou"]
[Result "1/2-1/2"]
[ICCResult "Game drawn by mutual agreement"]
[WhiteElo "876"]
[BlackElo "1218"]
[Opening "Caro-Kann: exchange variation"]
[ECO "B13"]
[NIC "CK.02"]
[Time "10:03:15"]
[PlyCount "108"]
[TimeControl "2700+10"]

1. e4 c6 2. d4 d5 3. exd5 cxd5 4. Nf3 Bf5 5. Bf4 Nf6 6. Nbd2 Nc6 7. a3 Qb6
8. Nb3 Rc8 9. Bd3 Bxd3 10. Qxd3 e6 11. O-O Be7 12. h3 h6 13. Be3 Bd6 14.
Rac1 O-O 15. c4 Qa6 16. Rfd1 Na5 17. Nxa5 Qxa5 18. c5 Be7 19. Qc3 Qc7 20.
g3 Ne4 21. Qe1 Qd8 22. Nd2 Ng5 23. Bxg5 Bxg5 24. Rc2 Bf6 25. Nf3 Qc7 26.
Kg2 Rfe8 27. b4 a6 28. Ne5 Bxe5 29. Qxe5 Qxe5 30. dxe5 Red8 31. f4 d4 32.
Rcd2 Rc6 33. Rxd4 Rxd4 34. Rxd4 Kf8 35. Rd7 b6 36. cxb6 Rxb6 37. Rd2 Rc6
38. Rd3 Ke7 39. h4 h5 40. Kf3 g6 41. g4 f6 42. gxh5 gxh5 43. exf6+ Kxf6 44.
Re3 Kf5 45. Re5+ Kg6 46. Re3 Rd6 47. Re4 Kf5 48. Re3 Kg6 49. Rb3 Kf5 50. b5
Rb6 51. a4 Rb8 52. Re3 Rb6 53. bxa6 Rxa6 54. Ra3 Ra5 { Game drawn by mutual
agreement } 1/2-1/2

[Event "ICC tourney 2216 (45 10)"]
[Site "Internet Chess Club"]
[Date "2020.12.19"]
[Round "2"]
[White "The-Rider"]
[Black "auggie29"]
[Result "0-1"]
[ICCResult "White checkmated"]
[WhiteElo "1266"]
[BlackElo "1095"]
[Opening "Queen's pawn game"]
[ECO "D05"]
[NIC "QP.07"]
[Time "12:32:06"]
[PlyCount "42"]
[TimeControl "2700+10"]

1. d4 Nf6 2. e3 e6 3. Nf3 d5 4. Nc3 Bb4 5. Bd2 c5 6. Bb5+ Nc6 7. Bxc6+ bxc6
8. O-O O-O 9. a3 Bxc3 10. Bxc3 cxd4 11. Bxd4 Re8 12. Ne5 Qd6 13. c3 c5 14.
Qa4 cxd4 15. Ng4 Bd7 16. Nxf6+ gxf6 17. Qxd4 Qe5 18. Qg4+ Qg5 19. Qb4 e5
20. Rad1 Bh3 21. Rfe1 Qxg2# { White checkmated } 0-1

[Event "ICC tourney 2216 (45 10)"]
[Site "Internet Chess Club"]
[Date "2020.12.19"]
[Round "2"]
[White "MGrei"]
[Black "andrewj508"]
[Result "0-1"]
[ICCResult "White checkmated"]
[WhiteElo "1160"]
[BlackElo "1270"]
[Opening "Ruy Lopez: Berlin defense, open variation"]
[ECO "C67"]
[NIC "RL.07"]
[Time "12:31:11"]
[PlyCount "164"]
[TimeControl "2700+10"]

1. e4 e5 2. Nf3 Nc6 3. Bb5 Nf6 4. O-O Nxe4 5. d4 Nd6 6. Bxc6 dxc6 7. dxe5
Nf5 8. Qxd8+ Kxd8 9. Rd1+ Ke8 10. Bg5 Be7 11. Bxe7 Nxe7 12. Nc3 Be6 13. Rd2
Nd5 14. Ne4 Ke7 15. Nfg5 h6 16. Nxe6 fxe6 17. Rad1 Rad8 18. c4 Nb6 19. Rxd8
Rxd8 20. Rxd8 Kxd8 21. b3 Nd7 22. f4 Ke7 23. g3 Kf7 24. Kf2 Kg6 25. Kf3 b6
26. b4 Kf7 27. a3 Ke7 28. Kg4 Kf7 29. Kh5 a6 30. a4 Nb8 31. b5 cxb5 32.
cxb5 axb5 33. axb5 c6 34. Nd6+ Kf8 35. Kg6 cxb5 36. Nxb5 Nc6 37. h4 Ne7+
38. Kh5 Nf5 39. Kg4 Ne3+ 40. Kf3 Nf5 41. h5 Ne7 42. Kg4 Nd5 43. f5 Ne3+ 44.
Kf4 Nxf5 45. g4 Ne7 46. Nd4 Kf7 47. Nb5 Nd5+ 48. Ke4 Ke7 49. Kd3 Nb4+ 50.
Kc4 Nc6 51. Nc3 Nxe5+ 52. Kb5 Nxg4 53. Kxb6 e5 54. Ne4 Nf6 55. Nxf6 gxf6
56. Kc5 Ke6 57. Kc4 Kf5 58. Kd3 Kg5 59. Ke3 Kxh5 60. Kf3 Kg5 61. Kg3 f5 62.
Kf3 f4 63. Kf2 e4 64. Ke2 Kg4 65. Kf2 e3+ 66. Kf1 f3 67. Kg1 Kg3 68. Kf1
e2+ 69. Ke1 f2+ 70. Kxe2 Kg2 71. Ke3 f1=Q 72. Ke4 Qf2 73. Ke5 Qf3 74. Kd4
Qe2 75. Kc3 Qd1 76. Kb2 Qd3 77. Ka1 Qd2 78. Kb1 h5 79. Ka1 h4 80. Kb1 h3
81. Ka1 h2 82. Kb1 h1=Q# { White checkmated } 0-1

[Event "ICC tourney 2216 (45 10)"]
[Site "Internet Chess Club"]
[Date "2020.12.19"]
[Round "2"]
[White "chessparrot"]
[Black "Douglas1"]
[Result "0-1"]
[ICCResult "White checkmated"]
[WhiteElo "1289"]
[BlackElo "876"]
[Opening "Ruy Lopez: closed Berlin defense, Wolf variation"]
[ECO "C48"]
[NIC "KP.03"]
[Time "12:31:18"]
[PlyCount "142"]
[TimeControl "2700+10"]

1. e4 e5 2. Nf3 Nc6 3. Nc3 Nf6 4. Bb5 d6 5. O-O Bd7 6. d4 exd4 7. Nxd4 Nxd4
8. Bxd7+ Qxd7 9. Qxd4 Be7 10. e5 dxe5 11. Qxd7+ Nxd7 12. Re1 O-O 13. Nd5
Bd6 14. Bg5 f6 15. Bd2 c6 16. Nc3 b5 17. Ne2 Rfe8 18. Ng3 Nb6 19. Nf5 Bc5
20. b4 Bf8 21. Re2 Nc4 22. Bc3 Red8 23. h3 Rd7 24. Rae1 Rad8 25. f4 Rd1 26.
fxe5 Rxe1+ 27. Rxe1 fxe5 28. Bxe5 Nxe5 29. Rxe5 Rd1+ 30. Kf2 Rd2+ 31. Re2
Rxe2+ 32. Kxe2 Bxb4 33. Kd3 Kf7 34. c3 Be7 35. Kd4 Bf6+ 36. Kc5 Bxc3 37.
Kxc6 b4 38. Nd6+ Kf6 39. Kc5 Ke5 40. Nc4+ Kf4 41. Kd5 Kg3 42. Ke6 Kxg2 43.
h4 Kg3 44. h5 h6 45. Kf5 Kh4 46. Kg6 a6 47. Na5 b3 48. Nxb3 a5 49. Nc5 Kg4
50. Na4 Bd4 51. a3 Be5 52. Nc5 Bd6 53. Nb3 a4 54. Nc1 Bxa3 55. Na2 Bb2 56.
Nb4 a3 57. Na2 Kf4 58. Nb4 Ke4 59. Na2 Kd3 60. Nb4+ Kc4 61. Na2 Kb3 62.
Nc1+ Bxc1 63. Kxg7 a2 64. Kf6 a1=Q+ 65. Kf5 Qa5+ 66. Kg6 Qe1 67. Kf5 Qe3
68. Kg4 Qf2 69. Kh3 Qg1 70. Kh4 Bf4 71. Kh3 Qg3# { White checkmated } 0-1

[Event "ICC tourney 2216 (45 10)"]
[Site "Internet Chess Club"]
[Date "2020.12.19"]
[Round "2"]
[White "Spriggan"]
[Black "Honeybrook"]
[Result "0-1"]
[ICCResult "White checkmated"]
[WhiteElo "810"]
[BlackElo "1332"]
[Opening "King's pawn opening"]
[ECO "B07"]
[NIC "VO.17"]
[Time "12:31:14"]
[PlyCount "88"]
[TimeControl "2700+10"]

1. e4 d6 2. Nf3 Nf6 3. Nc3 g6 4. Bc4 Bg7 5. d3 c6 6. Bd2 O-O 7. Qc1 b5 8.
Bb3 Nbd7 9. a3 a5 10. Bh6 Ba6 11. Bxg7 Kxg7 12. h3 h6 13. Ne2 b4 14. axb4
axb4 15. Qe3 Nc5 16. O-O Nxb3 17. cxb3 e5 18. d4 exd4 19. Nfxd4 c5 20. Nf3
Re8 21. Rfd1 Rxe4 22. Qd2 Rxe2 23. Qxd6 Qxd6 24. Rxd6 Bb7 25. Rad1 Bxf3 26.
gxf3 Ra7 27. Rc1 Rxb2 28. Rxc5 Rxb3 29. Rcc6 Rxf3 30. Kg2 Rf5 31. f3 Rb7
32. Rb6 Rxb6 33. Rxb6 Nd5 34. Rb5 Ne3+ 35. Kf2 Rxb5 36. Kxe3 b3 37. Kd2 b2
38. Kc3 b1=Q 39. Kc4 Qb4+ 40. Kd3 Ra5 41. Kc2 Rc5+ 42. Kd3 Rc3+ 43. Kd2
Qb2+ 44. Kd1 Rc1# { White checkmated } 0-1

[Event "ICC tourney 2216 (45 10)"]
[Site "Internet Chess Club"]
[Date "2020.12.19"]
[Round "2"]
[White "aiden004"]
[Black "kiyer"]
[Result "1-0"]
[ICCResult "Black resigns"]
[WhiteElo "1210"]
[BlackElo "1056"]
[Opening "Ruy Lopez: classical (Cordel) defense"]
[ECO "C64"]
[NIC "RL.01"]
[Time "12:31:25"]
[PlyCount "75"]
[TimeControl "2700+10"]

1. e4 e5 2. Nf3 Nc6 3. Bb5 Bc5 4. O-O d6 5. d3 Ne7 6. Bg5 O-O 7. Be3 Bxe3
8. fxe3 Bg4 9. Nbd2 Ng6 10. Qe1 a6 11. Bxc6 bxc6 12. Qg3 f5 13. exf5 Bxf5
14. e4 Bd7 15. Rf2 d5 16. exd5 cxd5 17. Nxe5 Rxf2 18. Kxf2 Nxe5 19. Qxe5
Qf6+ 20. Qxf6 gxf6 21. Nf3 c5 22. Nd2 Ba4 23. b3 Bd7 24. c4 Rd8 25. cxd5
Bf5 26. Ne4 Kg7 27. Nxc5 Rxd5 28. Nxa6 Bxd3 29. Nb4 Rf5+ 30. Kg1 Be4 31. a4
Rf4 32. Na6 Bc2 33. Nc5 Rf5 34. b4 Rd5 35. a5 Rd1+ 36. Rxd1 Bxd1 37. a6 Be2
38. a7 { Black resigns } 1-0

[Event "ICC tourney 2216 (45 10)"]
[Site "Internet Chess Club"]
[Date "2020.12.19"]
[Round "2"]
[White "RisshiNaavaal"]
[Black "tundrarules"]
[Result "0-1"]
[ICCResult "White resigns"]
[WhiteElo "1092"]
[BlackElo "1227"]
[Opening "QGD: Semi-Tarrasch defense"]
[ECO "D40"]
[NIC "TD.05"]
[Time "12:31:21"]
[PlyCount "54"]
[TimeControl "2700+10"]

1. d4 d5 2. c4 e6 3. Nc3 Nf6 4. Nf3 c5 5. e3 Nc6 6. b3 cxd4 7. exd4 Bb4 8.
Bb2 Qa5 9. Qc2 Ne4 10. Rc1 Qxa2 11. Nd2 Nxc3 12. Ra1 Nxd4 13. Qc1 Nxb3 14.
Rxa2 Nxc1 15. Ra1 Nb3 16. Nxb3 Na4+ 17. Nd2 Nxb2 18. cxd5 exd5 19. Bb5+ Bd7
20. Bxd7+ Kxd7 21. O-O Bxd2 22. Ra2 Nc4 23. g3 Rhe8 24. Kg2 Re1 25. Rxe1
Bxe1 26. Re2 Bd2 27. f4 a5 { White resigns } 0-1

[Event "ICC tourney 2216 (45 10)"]
[Site "Internet Chess Club"]
[Date "2020.12.19"]
[Round "2"]
[White "amka03"]
[Black "drewmartin"]
[Result "0-1"]
[ICCResult "White checkmated"]
[WhiteElo "1061"]
[BlackElo "741"]
[Opening "Ruy Lopez: Caro variation"]
[ECO "C70"]
[NIC "RL.09"]
[Time "12:31:18"]
[PlyCount "136"]
[TimeControl "2700+10"]

1. e4 e5 2. Nf3 Nc6 3. Bb5 a6 4. Ba4 b5 5. Bb3 Nf6 6. Qe2 Bb7 7. O-O g6 8.
d3 a5 9. a3 a4 10. Ba2 h5 11. Ng5 Nd4 12. Bxf7+ Ke7 13. Qd2 Bh6 14. Qb4+ d6
15. Qc3 Ne2+ 16. Kh1 Nxc3 17. Nxc3 Bxg5 18. Bxg6 Bxc1 19. Raxc1 c6 20. f4
Ng4 21. Rce1 exf4 22. Rxf4 Rf8 23. Ref1 Rxf4 24. Rxf4 Qf8 25. Rxf8 Rxf8 26.
g3 Rf1+ 27. Kg2 Ne3+ 28. Kh3 Bc8+ 29. Kh4 Bg4 30. Bxh5 Bxh5 31. Kxh5 Rh1
32. h4 Rg1 33. d4 Rxg3 34. d5 cxd5 35. exd5 Nf5 36. Nxb5 Kf7 37. Nc3 Kg7
38. Ne4 Rg1 39. Ng5 Ng3+ 40. Kg4 Ne4+ 41. Kh5 Nxg5 42. hxg5 Rh1+ 43. Kg4
Kg6 44. Kf4 Rh4+ 45. Ke3 Kxg5 46. Kd3 Kf5 47. c4 Ke5 48. Kc3 Rh2 49. b4
axb3 50. Kxb3 Kd4 51. a4 Kc5 52. Kc3 Rh3+ 53. Kb2 Kxc4 54. a5 Kb4 55. a6
Rh2+ 56. Kc1 Kc3 57. Kd1 Kd3 58. Kc1 Rh1+ 59. Kb2 Kc4 60. Kc2 Rh2+ 61. Kd1
Kc3 62. Ke1 Kd3 63. Kf1 Ke3 64. a7 Ra2 65. Kg1 Kf3 66. Kh1 Kg3 67. a8=Q
Rxa8 68. Kg1 Ra1# { White checkmated } 0-1

[Event "ICC tourney 2216 (45 10)"]
[Site "Internet Chess Club"]
[Date "2020.12.19"]
[Round "2"]
[White "VirginiaGuy"]
[Black "Maximusiv"]
[Result "1-0"]
[ICCResult "Black resigns"]
[WhiteElo "1371"]
[BlackElo "1011"]
[Opening "Queen's pawn game"]
[ECO "A46"]
[NIC "QP.06"]
[Time "12:31:19"]
[PlyCount "65"]
[TimeControl "2700+10"]

1. d4 Nf6 2. Nf3 c5 3. e3 cxd4 4. exd4 g6 5. c4 Bg7 6. Nc3 O-O 7. Be2 Re8
8. O-O b6 9. Bf4 Bb7 10. Qc2 Na6 11. a3 Rc8 12. Qd3 d6 13. Rfe1 Nc7 14.
Rac1 Ne6 15. Be3 Ng4 16. Bd2 a6 17. h3 Nf6 18. b4 Nh5 19. Be3 Nhf4 20. Qd2
Bxf3 21. Bxf3 Bh6 22. d5 Nxh3+ 23. gxh3 Bxe3 24. Qxe3 Ng7 25. Qd3 h5 26.
Bg2 e5 27. dxe6 Nxe6 28. Nd5 Qg5 29. Qg3 Qf5 30. Qf3 Qg5 31. Nf6+ Kh8 32.
Nxe8 Rxe8 33. Qxf7 { Black resigns } 1-0

[Event "ICC tourney 2216 (45 10)"]
[Site "Internet Chess Club"]
[Date "2020.12.19"]
[Round "2"]
[White "edisonzhou"]
[Black "thomasguchess"]
[Result "1-0"]
[ICCResult "Black checkmated"]
[WhiteElo "1218"]
[BlackElo "631"]
[Opening "Grünfeld with e3 & Bd3"]
[ECO "D94"]
[NIC "GI.09"]
[Time "12:31:15"]
[PlyCount "99"]
[TimeControl "2700+10"]

1. d4 Nf6 2. c4 g6 3. Nc3 d5 4. Nf3 Bg7 5. e3 O-O 6. Bd3 c5 7. Be2 Nc6 8.
dxc5 dxc4 9. O-O Qc7 10. Qc2 Ng4 11. h3 Nge5 12. Nd5 Nxf3+ 13. Bxf3 Qd8 14.
Rd1 Qa5 15. Qxc4 Ne5 16. Nxe7+ Kh8 17. Qe2 Nxf3+ 18. Qxf3 Be6 19. Nd5 Qxc5
20. Nf4 g5 21. Nd3 Qc2 22. Rd2 Qc4 23. b3 Qc8 24. Bb2 Bxb2 25. Nxb2 Qc3 26.
Rad1 f6 27. Qxb7 Bf5 28. Qb5 Bc2 29. Na4 Qc7 30. Rc1 Rab8 31. Qf1 Bd3 32.
Rxd3 Qb7 33. Rdc3 Qb5 34. Qd1 Rfd8 35. Qh5 Qe5 36. Rc7 Qf5 37. Qe2 Rb5 38.
Qc4 Rbd5 39. Nc3 Qe5 40. Nxd5 Qxd5 41. Qxd5 Rxd5 42. Rxa7 Rd8 43. Rac7 Rg8
44. Rf7 Rd8 45. Rxf6 Kg7 46. Rfc6 Rd3 47. R6c5 Kh8 48. Rxg5 Rd2 49. Rc8+
Rd8 50. Rxd8# { Black checkmated } 1-0

[Event "ICC tourney 2216 (45 10)"]
[Site "Internet Chess Club"]
[Date "2020.12.19"]
[Round "2"]
[White "ethansun188"]
[Black "Cougar2020"]
[Result "1-0"]
[ICCResult "Black checkmated"]
[WhiteElo "1180"]
[BlackElo "1305"]
[Opening "French: advance, Euwe variation"]
[ECO "C02"]
[NIC "FR.03"]
[Time "12:31:21"]
[PlyCount "129"]
[TimeControl "2700+10"]

1. e4 e6 2. d4 d5 3. e5 c5 4. c3 Nc6 5. Nf3 Bd7 6. Bd3 Qb6 7. Bc2 cxd4 8.
cxd4 Nge7 9. O-O Nf5 10. Bxf5 exf5 11. Nc3 Be6 12. Re1 Be7 13. Rb1 O-O 14.
a3 h6 15. b4 Qc7 16. Qb3 Rac8 17. Bb2 a6 18. Nxd5 Qd7 19. Nxe7+ Qxe7 20. d5
Bxd5 21. Qxd5 Rfe8 22. Qd6 Rc7 23. Qxe7 Rcxe7 24. Rbd1 g5 25. Nd2 f6 26.
Nc4 fxe5 27. Rd5 f4 28. Nxe5 Nxe5 29. Rdxe5 Rxe5 30. Rxe5 Rd8 31. Kf1 Rd2
32. Re2 Rd1+ 33. Re1 Rd2 34. Rb1 g4 35. Bc1 Rd4 36. Ke2 h5 37. Bb2 Rd5 38.
Rc1 Rf5 39. Rc8+ Kf7 40. Rc7+ Ke6 41. Rxb7 f3+ 42. gxf3 gxf3+ 43. Ke3 Kd5
44. Rb6 Kc4 45. Rxa6 Kb3 46. Bd4 h4 47. Rf6 Rg5 48. Rxf3 Kxa3 49. Kf4+ Kxb4
50. Kxg5 Kc4 51. Kxh4 Kxd4 52. Re3 Kd5 53. Kg5 Kc5 54. h4 Kc4 55. h5 Kb4
56. h6 Kb5 57. h7 Kb6 58. h8=Q Kb5 59. Qb8+ Kc5 60. Qc7+ Kd5 61. Re5+ Kd4
62. Qc5+ Kd3 63. Re3+ Kd2 64. Qc3+ Kd1 65. Re1# { Black checkmated } 1-0